 Dungeon Crawl Stone Soup version 0.25-a0-479-g8579842 (webtiles) character file.

Game seed: 8432329190412806471, levelgen mode: deterministic

892 15 the Ruffian (level 7, 57/58 HPs)
             Began as a Grey Draconian Transmuter on Feb 9, 2020.
             Was an Initiate of Qazlal.
             Quit the game on level 5 of the Dungeon.
             The game lasted 00:12:46 (4546 turns).

15 the Ruffian (Grey Draconian Transmuter)          Turns: 4546, Time: 00:12:47

Health: 57/58      AC: 11    Str: 14    XL:     7   Next: 78%
Magic:  12/12      EV: 13    Int: 14    God:    Qazlal [......]
Gold:   284        SH:  0    Dex: 11    Spells: 3/13 levels left

rFire    . . .     SeeInvis .     - Unarmed
rCold    . . .     Gourm    .   (no shield)
rNeg     . . .     Faith    .   (armour unavailable)
rPois    .         Spirit   .   (helmet restricted)
rElec    .         Reflect  .   (no cloak)
rCorr    .         Harm     .   (no gloves)
MR       .....                  (no boots)
Stlth    ++........             (no amulet)
HPRegen  0.19/turn              (no ring)
MPRegen  0.13/turn              (no ring)

@: no status effects
A: walk through water, unfitting armour, unbreathing, cold-blooded, AC +11
a: Renounce Religion


You were on level 5 of the Dungeon.
You worshipped Qazlal.
Qazlal was noncommittal.
You were very hungry.

You visited 2 branches of the dungeon, and saw 6 of its levels.

You collected 284 gold pieces.

Inventory:

Missiles
 a - 33 arrows
Wands
 i - a wand of digging (4)
Scrolls
 b - a scroll of enchant weapon
 e - 2 scrolls of fog
 f - a scroll of fear
 l - 2 scrolls of magic mapping
 n - a scroll of remove curse
 o - a scroll of teleportation
Potions
 d - 2 potions of mutation
 g - a potion of curing
 h - 2 potions of agility
Comestibles
 c - 9 rations


   Skills:
 * Level 3.7 Fighting
 * Level 4.4 Dodging
 + Level 1.1 Stealth
 + Level 5.6 Unarmed Combat
 * Level 3.5 Spellcasting
 * Level 3.5 Transmutations


You had 3 spell levels left.
You knew the following spells:

 Your Spells              Type           Power        Failure   Level  Hunger
a - Beastly Appendage     Tmut           ##....       4%          1    #......
b - Sticks to Snakes      Tmut           ##......     7%          2    ##.....
c - Spider Form           Tmut/Pois      #.........   30%         3    ###....
d - Ice Form              Ice/Tmut       #.......     69%         4    #####..

Your spell library contained the following spells:

 Spells                   Type           Power        Failure   Level  Hunger
 Blade Hands              Tmut           ##........   78%         5    ######.


Dungeon Overview and Level Annotations

Branches:
Dungeon (5/15)             Temple (1/1) D:5

Altars:
Ashenzari
Cheibriados
Dithmenos
Elyvilon
Fedhas
Gozag
Hepliaklqana
Kikubaaqudgha
Nemelex Xobeh
Qazlal
Ru
Uskayaw
Xom
Yredelemnul
Zin
The Shining One

Shops:
D:3 *


Innate Abilities, Weirdness & Mutations

You can walk through water.
Your dull iron-grey scales are very hard. (AC +11)
You cannot fit into any form of body armour.
You can survive without breathing.
You are cold-blooded and may be slowed by cold attacks.


Message History

No target in view!
No target in view!
No target in view!
No target in view!
No target in view!
No target in view!
No target in view!
No target in view!
No target in view!
No target in view!
No target in view!
No target in view!
No target in view!
No target in view!
Your talons disappear.
c - 7 rations (gained 1)
c - 8 rations (gained 1)
c - 9 rations (gained 1)
Found a dagger.
Are you sure you want to abandon this character and quit the game? (Confirm with "yes".)

o.#.. ###..)..### ##....
####.#.....#.## #.....
#..............# #.<.#.
..#.........>.........
.....................
#...................
#...................
#.@................
##.......#.......#.
###...###....#####
##....###....####.
####......##.......#.
####........###......##.
##...........###.......#.
#.....##.........).).<.#.
##..........#.......[.....


There were no monsters in sight!

Vanquished Creatures
  A sky beast (D:5)
  A necrophage (D:5)
  A water moccasin skeleton (D:4)
  3 scorpions
  A crimson imp (D:4)
  A jelly (D:5)
  A hound (D:4)
  An orc priest (D:3)
  A centaur skeleton (D:5)
  Jessica (D:2)
  An iguana (D:4)
  4 orc wizards
  A hound skeleton (D:4)
  Robin (D:3)
  3 adders
  3 gnolls (D:2)
  An ooze (D:1)
  3 worms
  5 dart slugs
  2 leopard geckos
  21 orcs
  2 ball pythons
  5 giant cockroaches
  7 hobgoblins
  A jackal (D:2)
  3 bats
  7 frilled lizards
  11 goblins
  A jackal skeleton (D:4)
  3 kobolds
  A quokka skeleton (D:4)
  4 rats
102 creatures vanquished.

Notes
Turn   | Place    | Note
-------+----------+-------------------------------------------
     0 | D:1      | 15 the Draconian Transmuter began the quest for the Orb.
     0 | D:1      | Reached XP level 1. HP: 16/16 MP: 3/3
   204 | D:1      | Reached XP level 2. HP: 21/23 MP: 3/5
   952 | D:2      | Learned a level 2 spell: Sticks to Snakes
  1016 | D:2      | Noticed Jessica
  1025 | D:2      | Killed Jessica
  1025 | D:2      | Reached XP level 3. HP: 13/28 MP: 4/6
  1224 | D:2      | Found an opulent altar of Gozag.
  1357 | D:2      | Reached XP level 4. HP: 21/35 MP: 5/7
  1467 | D:2      | Learned a level 3 spell: Spider Form
  1730 | D:3      | Reached skill level 4 in Unarmed Combat
  1730 | D:3      | Reached XP level 5. HP: 34/41 MP: 7/9
  1778 | D:3      | Noticed Robin
  1798 | D:3      | Killed Robin
  2351 | D:3      | Found Gozag's Platinum Reserve.
  2351 | D:3      | Found an opulent altar of Gozag.
  2405 | D:4      | Found a shimmering altar of Xom.
  2484 | D:4      | Reached XP level 6. HP: 42/50 MP: 10/10
  2490 | D:4      | Learned a level 4 spell: Ice Form
  3281 | D:5      | Entered Level 5 of the Dungeon
  3281 | D:5      | Found a shadowy altar of Dithmenos.
  3560 | D:5      | Reached skill level 5 in Unarmed Combat
  3785 | D:5      | Your scales start taking on a dull iron-grey colour.
  3785 | D:5      | Reached XP level 7. HP: 57/57 MP: 9/11
  3785 | D:5      | Gained mutation: You can survive without breathing. [Grey
                  | Draconian growth]
  3799 | D:5      | Reached skill level 1 in Stealth
  4270 | D:5      | Found a staircase to the Ecumenical Temple.
  4275 | Temple   | Entered the Ecumenical Temple
  4369 | Temple   | Became a worshipper of Qazlal Stormbringer
  4546 | D:5      | Quit the game

Levels and vault maps discovered:
D:1:      dpeg_arrival_leaves_temple_mockup, layout_basic,
          hangedman_decor_clover_reticule
D:2:      minmay_angry_zag, layout_basic, nicolae_overflow_crystal_walls,
          guppyfry_early_orc_mine, uniq_jessica
D:3:      minmay_door_path, layout_rooms, first_ration,
          nicolae_gozag_zags_fifth_avenue, uniq_robin
D:4:      layout_basic, xom_teletrap_fun
D:5:      layout_cave_pools, marbit_many_paths, minmay_temple_entry_wispy,
          basic_altar, dk_vineyard_3, minmay_tree_intersection
Temple:   nicolae_temple_great_sept

Skill      XL: |  1  2  3  4  5  6  7 |
---------------+----------------------+-----
Dodging        | 2 3 4 |  4.4
Fighting       | 2 3 |  3.7
Unarmed Combat | 4 5 |  5.6
Spellcasting   | 3 |  3.5
Transmutations | 3 |  3.5
Stealth        | 1 |  1.1

Action                   |  1- 3 |  4- 6 |  7- 9 || total
-------------------------+-------+-------+-------++-------
Melee: Unarmed           |    66 |   302 |    91 ||   459
       Tailslap          |     7 |    22 |     9 ||    38
       Kick              |     5 |    14 |    10 ||    29
       Headbutt          |       |     3 |     2 ||     5
       Punch             |       |     6 |     2 ||     8
 Cast: Beastly Appendage |    12 |    11 |     4 ||    27
  Use: Scroll            |     3 |     5 |     3 ||    11
       Potion            |       |     6 |     1 ||     7
 Stab: Sleeping          |     2 |       |       ||     2
  Eat: Chunk             |     2 |     8 |     1 ||    11
Armor: Skin              |    20 |    72 |    35 ||   127
Dodge: Dodged            |    31 |   189 |    42 ||   262

Table legend:
 A = Non-vault XP
 B = Vault XP
 C = Vault XP percentage of total XP
 D = Non-vault monster count
 E = Vault monster count
 F = Vault count percentage of total count
                 A         B        C        D         E       F
            +---------+---------+-------+---------+---------+-------
      Total |    1173 |     102 |   8.0 |      76 |      26 |  25.5
            +---------+---------+-------+---------+---------+-------
        D:1 |      37 |       0 |   0.0 |      14 |       0 |   0.0
        D:2 |      65 |      59 |  47.6 |      10 |      11 |  52.4
        D:3 |     156 |      43 |  21.6 |      16 |      15 |  48.4
        D:4 |     316 |       0 |   0.0 |      15 |       0 |   0.0
        D:5 |     599 |       0 |   0.0 |      21 |       0 |   0.0
            +---------+---------+-------+---------+---------+-------
